 Dungeon Crawl Stone Soup version 0.30-a0-385-gfebfb9b408 (webtiles) character file.

Game seed: 2650371476119957843

1295 qeuew the Conjurer (level 8, 0/64 HPs)
             Began as a White Draconian Conjurer on Dec 2, 2022.
             Slain by Crazy Yiuf
             ... wielding a +4 quarterstaff of chaos
              (7 damage)
             ... on level 5 of the Dungeon.
             The game lasted 00:08:01 (5821 turns).

qeuew the Conjurer (White Draconian Conjurer)       Turns: 5821, Time: 00:08:01

Health: 0/64       AC:  8    Str: 16    XL:     8   Next: 30%
Magic:  15/15      EV: 12    Int: 27    God:
Gold:   222        SH:  0    Dex:  9    Spells: 10/17 levels left

rFire   . . .      SeeInvis .    b - +1 executioner's axe of the Threshing Madman {vamp, *Slow rPois rC+ Str+3}
rCold   + + +      Faith    .    (shield currently unavailable)
rNeg    + . .      Spirit   .    (body armour unavailable)
rPois   +          Reflect  .    (helmet restricted)
rElec   .          Harm     .    (no cloak)
rCorr   .          Rampage  .    m - +1 pair of gloves of Cheibriados {-Tele rPois Int+6 Slay+5}
Will    +....      NoTele   +    (no boots)
Stlth   ++........               (no amulet)
HPRegen 0.30/turn                j - ring of Foodweri {Fly rPois rN+ Will+ Int+3}
MPRegen 0.14/turn                e - ring of protection from cold

@: flying
A: breathe frost, AC +6, unfitting armour, cold resistance 1, cold-blooded
a: Breathe Frost


You were on level 5 of the Dungeon.
You visited 1 branch of the dungeon, and saw 5 of its levels.

You collected 222 gold pieces.

Inventory:

Hand Weapons
 b - the +1 executioner's axe of the Threshing Madman (weapon) {vamp, *Slow rPois rC+ Str+3}
   (You acquired it on level 4 of the Dungeon)

   It occasionally heals its wielder for a portion of the damage dealt when it
   wounds a living foe.
   Str:       It affects your strength (+3).
   rC:        It protects you from cold.
   rPois:     It protects you from poison.
   *Slow:     It may slow you when you take damage.
 i - a +0 war axe
Armour
 m - the +1 pair of gloves of Cheibriados (worn) {-Tele rPois Int+6 Slay+5}
   (You found it on level 4 of the Dungeon)

   Int:       It affects your intelligence (+6).
   Slay:      It affects your accuracy & damage with ranged weapons and melee
   (+5).
   rPois:     It protects you from poison.
   -Tele:     It prevents most forms of teleportation.
Jewellery
 e - a ring of protection from cold (right hand)
 j - the ring of Foodweri (left hand) {Fly rPois rN+ Will+ Int+3}
   (You took it off a goblin on level 2 of the Dungeon)

   [ring of poison resistance]

   Int:       It affects your intelligence (+3).
   rPois:     It protects you from poison.
   rN:        It protects you from negative energy.
   Fly:       It grants you flight.
   Will:      It increases your willpower.
Wands
 p - a wand of flame (16)
 q - a wand of roots (4)
Scrolls
 d - 3 scrolls of identify
 f - a scroll of magic mapping
 g - 5 scrolls of teleportation
 l - a scroll of immolation {unknown}
 o - a scroll of butterflies
 r - a scroll of brand weapon {unknown}
Potions
 a - 2 potions of magic
 c - 2 potions of might
 h - a potion of heal wounds
 k - a potion of haste
 n - a potion of brilliance
 s - a potion of flight {unknown}


   Skills:
 + Level 3.6 Fighting
 * Level 4.5 Axes
 + Level 3.8 Dodging
 - Level 1.7 Stealth
 * Level 5.1 Spellcasting
 + Level 5.4 Conjurations
 + Level 2.6 Translocations
 + Level 1.1 Evocations


You had 10 spell levels left.
You knew the following spells:

 Your Spells              Type           Power      Damage    Failure   Level
a - Magic Dart            Conj           100%       1d8       1%          1
b - Searing Ray           Conj           72%        2d7       1%          2
c - Iskenderun's Mystic   Conj/Tloc      28%        2d7       14%         4

Your spell library contained the following spells:

 Spells                   Type           Power      Damage    Failure   Level
 Dazzling Flash           Conj/Hex       42%        N/A       7%          3
 Fulminant Prism          Conj/Hex       10%        3d9       24%         4


Dungeon Overview and Level Annotations

Branches:
Dungeon (5/15)
 Temple: D:4-7

Altars:
Kikubaaqudgha
Makhleb
Uskayaw
Xom

Shops:
D:1 [:

Annotations:
D:5 Crazy Yiuf


Innate Abilities, Weirdness & Mutations

You can breathe waves of freezing cold which knock back foes.
Your icy white scales are hard. (AC +6)
You cannot fit into any form of body armour.
Your flesh is cold resistant. (rC+)
You are cold-blooded and may be slowed by cold attacks.


Message History

The crimson imp blinks!
The magic dart hits the crimson imp.
You kill the crimson imp!
You can't see any susceptible monsters within range! (Use Z to cast anyway.)
You see here a +0 dagger of chaos.
Found 8 stones and a club.
You see here a +0 club.
Found a burning altar of Makhleb.
Found a shimmering altar of Xom.
There is a stone staircase leading down here.
You reach down and open the door.
There is an open translucent door here.
Crazy Yiuf shouts!
Crazy Yiuf hits you with a +4 quarterstaff of chaos!
Crazy Yiuf attacks as you move away!
Crazy Yiuf hits you with a +4 quarterstaff of chaos!
You resist with almost no effort.
You hit Crazy Yiuf.
You feel better.
Crazy Yiuf is moderately wounded.
Crazy Yiuf hits you with a +4 quarterstaff of chaos.
Crazy Yiuf draws strength from your wounds!
Crazy Yiuf misses you.
You barely miss Crazy Yiuf.
Crazy Yiuf is lightly wounded.
Crazy Yiuf closely misses you.
You barely miss Crazy Yiuf.
Crazy Yiuf is lightly wounded.
Crazy Yiuf hits you with a +4 quarterstaff of chaos!
Crazy Yiuf misses you.
You barely miss Crazy Yiuf.
Crazy Yiuf is lightly wounded.
Crazy Yiuf hits you with a +4 quarterstaff of chaos!
Crazy Yiuf yells, "Whippet!
Millenium action bag."
Crazy Yiuf hits you with a +4 quarterstaff of chaos!
You closely miss Crazy Yiuf.
Crazy Yiuf is lightly wounded.
Crazy Yiuf hits you with a +4 quarterstaff of chaos!
* * * LOW HITPOINT WARNING * * *
Crazy Yiuf burns you!
You die...

#....######...###.........##.....
#..#.#........###..............#.
..##....#.....##..............###
....################.........##.#
#...# #.........#... #...##♣♣♣♣♣
#............. ##.##...♣.♣♣♣#####
#...........#. #.......♣..♣#...#
#............. #......♣♣♣♣.'.g@#
#(.)......#... ##.#..♣♣ ♣♣#..)#
#............. ####♣♣ #####
#............. ##............
#............. #..##.........
######....#... #......##.
###....###


You could see Crazy Yiuf.

Vanquished Creatures
  Grinder (D:5)
  Eustachio (D:5)
  Duvessa (D:5)
  An ogre (D:4)
  Dowan (D:5)
  A crimson imp (D:5)
  2 orc priests
  2 jellies (D:4)
  3 hounds
  6 iguanas
  Terence (D:2)
  Natasha (thrice) (D:2)
  3 orc wizards (D:5)
  4 adders
  A shadow imp (D:5)
  2 ufetubi (D:5)
  11 orcs
  7 bats
  A bat zombie (D:4)
  7 endoplasms
  8 giant cockroaches
  9 goblins
  2 hobgoblins
  7 jackals
  12 kobolds
  3 quokkas
  7 ball pythons
  A frilled lizard (D:2)
  4 rats
  2 rat zombies (D:4)
114 creatures vanquished.

Notes
Turn   | Place    | Note
-------+----------+-------------------------------------------
     0 | D:1      | qeuew the Draconian Conjurer began the quest for the Orb.
     0 | D:1      | Reached XP level 1. HP: 14/14 MP: 3/3
   362 | D:1      | Reached XP level 2. HP: 22/22 MP: 1/5
   740 | D:1      | Reached skill level 1 in Fighting
   743 | D:1      | Learned a level 2 spell: Searing Ray
   975 | D:1      | Found Gycryrch's Antique Armour Boutique.
   985 | D:1      | Found Buthuwiyz's Vocational Training.
  1053 | D:1      | Reached XP level 3. HP: 28/28 MP: 2/6
  1641 | D:2      | You fall into a shaft and drop 1 floor!
  1761 | D:3      | Noticed Terence
  2223 | D:2      | Identified the ring of Foodweri {Fly rPois rN+ Will+ Int+3}
  2256 | D:2      | Noticed Natasha
  2262 | D:2      | Killed Natasha
  2263 | D:2      | Reached skill level 1 in Axes
  2263 | D:2      | Reached XP level 4. HP: 35/35 MP: 1/8
  2320 | D:2      | Noticed Natasha
  2327 | D:2      | Killed Natasha
  2495 | D:2      | Found a faded altar of an unknown god.
  2745 | D:2      | Noticed Natasha
  2753 | D:2      | Killed Natasha
  2758 | D:2      | HP: 1/36 [Terence/+0 flail (4)]
  2763 | D:2      | Killed Terence
  2764 | D:2      | Reached XP level 5. HP: 11/41 MP: 0/9
  3287 | D:3      | Found a hide-covered altar of Uskayaw.
  3654 | D:3      | Identified a scroll of acquirement
  3728 | D:3      | Learned a level 4 spell: Iskenderun's Mystic Blast
  3899 | D:4      | Identified the +1 pair of gloves of Cheibriados {-Tele
                  | rPois Int+6 Slay+5}
  3982 | D:4      | Reached XP level 6. HP: 20/48 MP: 1/11
  4311 | D:4      | Reached skill level 1 in Translocations
  4706 | D:4      | Found an ancient bone altar of Kikubaaqudgha.
  4943 | D:4      | Acquired the +1 executioner's axe of the Threshing Madman
                  | {vamp, *Slow rPois rC+ Str+3}
  4961 | D:5      | Entered Level 5 of the Dungeon
  5044 | D:5      | Your scales start taking on an icy white colour.
  5044 | D:5      | Reached XP level 7. HP: 56/56 MP: 8/13
  5044 | D:5      | Gained mutation: Your flesh is cold resistant. (rC+) [White
                  | Draconian growth]
  5084 | D:5      | Noticed Grinder
  5111 | D:5      | Killed Grinder
  5112 | D:5      | Reached skill level 5 in Conjurations
  5245 | D:5      | Noticed Eustachio
  5258 | D:5      | Killed Eustachio
  5414 | D:5      | Noticed Duvessa
  5416 | D:5      | Noticed Dowan
  5421 | D:5      | Reached XP level 8. HP: 37/63 MP: 10/15
  5434 | D:5      | Killed Duvessa
  5435 | D:5      | Reached skill level 5 in Spellcasting
  5441 | D:5      | Killed Dowan
  5442 | D:5      | Reached skill level 1 in Evocations
  5640 | D:5      | Found a runed translucent door.
  5641 | D:5      | Noticed Crazy Yiuf
  5735 | D:5      | Found a burning altar of Makhleb.
  5740 | D:5      | Found a shimmering altar of Xom.
  5821 | D:5      | Slain by Crazy Yiuf

Illustrated notes

Levels and vault maps discovered:
D:1:      evilmike_arrival_plus, layout_loops_corners, serial_shops,
          nicolae_shop_behind_doors, hangedman_feature_mirror,
          nicolae_shop_vocational
D:2:      layout_basic, shapermc_ecumenical_altar_pompeii, uniq_natasha
D:3:      layout_rooms, eat_drink_and_be_merry_uskayaw, reono_crystal_passage,
          uniq_terence
D:4:      layout_loops_cross, lemuel_zombie_altar_kikubaaqudgha,
          due_unseen_surprise
D:5:      layout_cave_pools, grunt_temple_overflow_champion_of_chaos,
          hellmonk_bongcloud_opening, uniq_eustachio, uniq_grinder,
          uniq_duvessa, uniq_crazy_yiuf_cottage

Skill      XL: |  1  2  3  4  5  6  7  8 |
---------------+-------------------------+-----
Dodging        | 2 3 |  3.8
Fighting       | 1 2 3 |  3.6
Axes           | 1 2 3 4 |  4.5
Spellcasting   | 3 4 5 |  5.1
Translocations | 1 2 |  2.6
Conjurations   | 5 |  5.4
Evocations     | 1 |  1.1
Stealth        | |  1.7

Action                   |  1- 3 |  4- 6 |  7- 9 || total
-------------------------+-------+-------+-------++-------
Melee: Unarmed           |    92 |       |       ||    92
       Tailslap          |    13 |     2 |     5 ||    20
       War axe           |     5 |    15 |       ||    20
       Executioner's axe |       |       |    42 ||    42
 Cast: Magic Dart        |    84 |   131 |    51 ||   266
       Searing Ray       |       |     1 |       ||     1
       Iskenderun's Myst |       |       |     2 ||     2
 Abil: Breathe Frost     |       |       |     1 ||     1
  Use: Scroll            |     2 |     9 |       ||    11
       Potion            |       |     4 |     2 ||     6
Armor: Skin              |    57 |     6 |    33 ||    96
Dodge: Dodged            |   125 |    29 |    47 ||   201

Table legend: (Time is in decaauts)
 A = Elapsed time spent in this place.
 B = Non-inter-level travel time spent in this place.
 C = Inter-level travel time spent in this place.
 D = Time resting spent in this place.
 E = Time spent auto-exploring this place.
 F = Levels seen in this place.
 G = Mean time per level.
                   A        B        C        D        E       F      G
               +--------+--------+--------+--------+--------+-----+--------+
         Total |   5868 |   5770 |     98 |      0 |   5024 |   5 | 1173.6 |
       Dungeon |   5868 |   5770 |     98 |      0 |   5024 |   5 | 1173.6 |
               +--------+--------+--------+--------+--------+-----+--------+

Top non-repeatable levels by time:
     D:2: 1569 daAuts
     D:1: 1436 daAuts
     D:4: 1218 daAuts
     D:5: 888 daAuts
     D:3: 755 daAuts
